 Dungeon Crawl Stone Soup version 0.19.0-22-gd96e5fe (webtiles) character file.

284 Leibowitz the Sneak (level 5, -6/39 HPs)
             Began as a Demigod Enchanter on Nov 18, 2016.
             Mangled by an ogre
             ... wielding a +0 giant club
              (26 damage)
             ... on level 4 of the Dungeon.
             The game lasted 00:08:27 (3175 turns).

Leibowitz the Sneak (Demigod Enchanter)             Turns: 3175, Time: 00:08:27

Health: -6/39      AC:  5    Str:  8 (11) XL:     5   Next: 78%
Magic:  8/12       EV: 12    Int: 18 (21) God:
Gold:   145        SH:  3    Dex: 13 (16) Spells: 3 memorised, 3 levels left

rFire  . . .     SeeInvis .     a - +1 dagger
rCold  . . .     Gourm    .     p - +1 robe
rNeg   . . .     Faith    .     y - +0 buckler
rPois  .         Spirit   .     (no helmet)
rElec  .         Reflect  .     (no cloak)
rCorr  .         Harm     .     (no gloves)
MR     .....                    g - +1 pair of boots
Stlth  +++.......               (no amulet)
                                (no ring)
                                (no ring)

@: no status effects
A: high mp 1
a: no special abilities


You were on level 4 of the Dungeon.
You were not hungry.

You visited 1 branch of the dungeon, and saw 4 of its levels.

You collected 145 gold pieces.

Inventory:

Hand Weapons
 a - a +1 dagger (weapon)
 b - a +0 blowgun
Missiles
 q - 5 curare-tipped needles
Armour
 g - a +1 pair of boots (worn)
 p - a +1 robe (worn)
 y - a +0 buckler (worn)
Scrolls
 e - 2 scrolls of identify {unknown}
 f - a scroll of amnesia {unknown}
 i - a scroll of random uselessness {unknown}
 k - a scroll of recharging {unknown}
 n - a scroll of immolation {unknown}
 o - a scroll of teleportation {unknown}
Potions
 h - 2 potions of lignification
Books
 c - a book of Maledictions

   Spells                             Type                      Level
   a - Corona                         Hexes                        1
   b - Ensorcelled Hibernation        Hexes/Ice                    2
   c - Confuse                        Hexes                        3
   d - Tukima's Dance                 Hexes                        3
   e - Dazzling Spray                 Conjuration/Hexes            3
Comestibles
 d - 4 bread rations
 j - a slice of pizza
 l - a chunk of flesh
 m - a beef jerky
 r - 3 meat rations
 v - 8 fruits


   Skills:
 + Level 0.3 Fighting
 + Level 1.8 Short Blades
 + Level 2.1 Dodging
 + Level 4.7 Stealth
 + Level 0.1 Shields
 + Level 2.9 Spellcasting
 + Level 3.5 Hexes
 + Level 0.3 Ice Magic


You had 3 spell levels left.
You knew the following spells:

 Your Spells              Type           Power        Failure   Level  Hunger
a - Corona                Hex            ###....      10%         1    None
b - Ensorcelled Hibernat  Hex/Ice        #.....       21%         2    ##.....
c - Confuse               Hex            ###.....     21%         3    ###....


Dungeon Overview and Level Annotations

Branches:
Dungeon (4/15)
 Temple: D:4-7


Innate Abilities, Weirdness & Mutations

You have an increased reservoir of magic. (+10% MP)


Message History

Casting: Ensorcelled Hibernation
Confirm with . or Enter, or press ? or * to list all spells.
Aiming: Ensorcelled Hibernation
Press: ? - help, Shift-Dir - straight line, f/p - ogre
Aim: an ogre, wielding a giant club (chance to defeat MR: 40%)
The ogre looks drowsy...
The helpless ogre fails to defend itself.
You impale the ogre!!
The ogre is almost dead.
The ogre hits you with a giant club!!
You completely miss the ogre.
The ogre is almost dead.
You hit the ogre.
The ogre is almost dead.
The ogre barely misses you.
You hit the ogre.
The ogre is almost dead.
The ogre hits you with a giant club!!
Ouch! That really hurt!
You die...

##+# #.#########
##...## #.##.......
##.....## #.##.######
##.......###.##.######
#.........##........##
+.........'.......#.##
#.........####...#...#
#.......## ##.##..##
##.O@.(## #.......
##...## ####.### ##+##
#.# #.# #.# #.# #.


You could see an ogre.

Vanquished Creatures
  An ice beast (D:4)
  A howler monkey (D:4)
  A worker ant (D:3)
  6 adders
  An ooze (D:1)
  3 dart slugs
  A leopard gecko (D:3)
  3 orcs
  2 ball pythons
  6 bats
  4 giant cockroaches
  9 goblins
  8 hobgoblins
  4 jackals (D:3)
  8 kobolds
  5 frilled lizards
  A jackal skeleton (D:4)
  2 rats
66 creatures vanquished.

Notes
Turn   | Place    | Note
-------+----------+-------------------------------------------
     0 | D:1      | Leibowitz the Demigod Enchanter began the quest for the Orb.
     0 | D:1      | Reached XP level 1. HP: 14/14 MP: 5/5
   168 | D:1      | Reached skill level 3 in Stealth
   230 | D:1      | Reached XP level 2. HP: 20/20 MP: 7/7
   235 | D:1      | Learned a level 2 spell: Ensorcelled Hibernation
   490 | D:1      | Reached skill level 1 in Short Blades
   650 | D:2      | Reached XP level 3. HP: 19/26 MP: 8/8
  1434 | D:3      | Found a faded altar of an unknown god.
  1456 | D:3      | Reached skill level 4 in Stealth
  1641 | D:3      | Learned a level 3 spell: Confuse
  1647 | D:3      | Found a basalt altar of Yredelemnul.
  1659 | D:3      | Reached XP level 4. HP: 33/33 MP: 9/9
  2700 | D:4      | Noticed an ice beast
  2735 | D:4      | Killed an ice beast
  2735 | D:4      | Reached XP level 5. HP: 38/38 MP: 1/12
  3164 | D:4      | Noticed an ogre
  3175 | D:4      | Mangled by an ogre

Skill      XL: |  1  2  3  4 |
---------------+-------------+-----
Stealth        | 3 4 |  4.7
Hexes          | 3 |  3.5
Short Blades   | 1 |  1.8
Spellcasting   | 2 |  2.9
Dodging        | 2 |  2.1
Fighting       | |  0.3
Shields        | |  0.1
Ice Magic      | |  0.3

Action                   |  1- 3 |  4- 6 || total
-------------------------+-------+-------++-------
Melee: Dagger            |   104 |   148 ||   252
 Cast: Corona            |     1 |       ||     1
       Ensorcelled Hiber |    10 |    10 ||    20
       Confuse           |       |     4 ||     4
  Use: Potion            |       |     7 ||     7
 Stab: Sleeping          |    19 |     8 ||    27
  Eat: Chunk             |     2 |     7 ||     9
Armor: Robe              |    23 |    30 ||    53
       Skin              |       |     5 ||     5
Dodge: Dodged            |    50 |    96 ||   146
Block: Buckler           |       |     9 ||     9
